 Dungeon Crawl Stone Soup version 0.30.1-9-gdf580d7c3d (webtiles) character file.

Game seed: 12502981517483762391

9 KreaeTerra the Shield-Bearer (level 2, 27/27 HPs)
             Began as a Minotaur Fighter on Oct 16, 2023.
             Quit the game on level 1 of the Dungeon.
             The game lasted 00:06:32 (150 turns).

KreaeTerra the Shield-Bearer (Minotaur Fighter)      Turns: 150, Time: 00:06:32

Health: 27/27      AC:  9    Str: 20    XL:     2   Next: 6%
Magic:  1/1        EV:  9    Int:  5    God:
Gold:   0          SH:  4    Dex:  9    Spells: 1/1 levels left

rFire   + . .        a - +0 war axe
rCold   . . .        c - +0 buckler
rNeg    . . .        b - +0 scale mail
rPois   .            (helmet restricted)
rElec   .            (no cloak)
rCorr   .            (no gloves)
SInv    .            f - +1 pair of boots
Will    .....        (no amulet) Stlth
                     e - ring of protection from fire
HPRegen 0.24/turn    (no ring)
MPRegen 0.07/turn

%: no passive effects
@: no status effects
A: horns 2, retaliatory headbutt
a: no special abilities


You were on level 1 of the Dungeon.
You visited 1 branch of the dungeon, and saw 1 of its levels.

Inventory:

Hand Weapons
 a - a +0 war axe (weapon)
Armour
 b - a +0 scale mail (worn)
 c - a +0 buckler (worn)
 f - a +1 pair of boots (worn)
Jewellery
 e - a ring of protection from fire (left hand)
Potions
 d - a potion of might


   Skills:
 + Level 3.8 Fighting
 + Level 2.7 Axes
 + Level 3.8 Armour
 + Level 3.8 Shields


You had one spell level left.
You didn't know any spells.
Your spell library was empty.

Dungeon Overview and Level Annotations

Branches:
Dungeon (1/15)

Altars:


Innate Abilities, Weirdness & Mutations

You have a pair of horns on your head.
You reflexively headbutt those who attack you in melee.


Message History

The jackal bites you.
You closely miss the jackal. The jackal misses you.
The jackal closely misses you.
You miss the jackal. The jackal closely misses you. You furiously retaliate!
You headbutt the jackal. You block the jackal's attack.
You hit the jackal.
You kill the jackal!
No target in view!
No target in view!
No target in view!
No target in view!
No target in view!
No target in view!
No target in view!
No target in view!
No target in view!
Saving game... please wait.
Welcome back, KreaeTerra the Minotaur Fighter.
Press ? for a list of commands and other information.
Unknown command.
Enter note:
Enter note: sd You see here a jackal corpse.
There is an open door, spattered with blood here.
Things that are here:
a +0 dagger; a +0 short sword; a jackal corpse
There is an open door, spattered with blood here.
Things that are here:
a +0 dagger; a +0 short sword; a jackal corpse You see here a jackal corpse.
There is an open door, spattered with blood here.
Things that are here:
a +0 dagger; a +0 short sword; a jackal corpse Unknown command.
Unknown command.
There is an open door, spattered with blood here.
Things that are here:
a +0 dagger; a +0 short sword; a jackal corpse
Found a stone staircase leading down.
Are you sure you want to abandon this character and quit the game? (Confirm with "yes".)

#.....†####
#.#.#.†).+.
#.#....####
#...####
########.##
#........#
####...######
#....#.#
#.#@##.#
#....#.#
.......#..
#####...###
#...# #.#.#
#. .. .> ##


There were no monsters in sight!

Vanquished Creatures
  A goblin (D:1)
  4 jackals (D:1)
  A quokka (D:1)
  A ball python (D:1)
  A kobold (D:1)
8 creatures vanquished.

Notes
Turn   | Place    | Note
-------+----------+-------------------------------------------
     0 | D:1      | KreaeTerra the Minotaur Fighter began the quest for the
                  | Orb.
     0 | D:1      | Reached XP level 1. HP: 19/19 MP: 0/0
   120 | D:1      | Reached XP level 2. HP: 27/27 MP: 1/1
   126 | D:1      | sd
   150 | D:1      | Quit the game

Illustrated notes

............###..#.####.#
#.#.#.##.##.....##.##.#.[
............#'###....#..
#.#.#..###.#.# ####.#.#
#..#.####.#'# #.#.#.#
.###.........#.# #...#.#
.....#...#####'## #.....#
#.....†#####...#####.###
#.#.#.†@.+.'.<.'.'.'.#
#....#####...#######
#...#### ##'## ##.# #.#
... #+# ###


Turn 126 on D:1: sd

Levels and vault maps discovered:
D:1:      minmay_arrival_doors, layout_basic, dreamdust_ecumenical_altar_grove,
          amcnicky_mini_corridor_feature, minmay_tree_intersection,
          st_stairs_13, minmay_misc_feat_plants

Action                     || total
---------------------------++-------
  Melee: War axe           ||    14
         Headbutt          ||     1
 Armour: Scale mail        ||     4
  Dodge: Dodged            ||    10
  Block: Buckler           ||     4
